 Dungeon Crawl Stone Soup version 0.20.1-1-g8b1a95d66d (webtiles) character file.

6767 Jynx the Transmogrifier (level 10, 0/86 HPs)
             Began as a Purple Draconian Transmuter on Dec 27, 2017.
             Was a High Priest of Okawaru.
             Killed by divine providence
             ... invoked by an orc priest
              (15 damage)
             ... on level 10 of the Dungeon.
             The game lasted 00:24:17 (13531 turns).

Jynx the Transmogrifier (DrTm)                     Turns: 13531, Time: 00:24:18

Health: 0/86       AC: 10    Str: 12    XL:     10   Next: 76%
Magic:  12/15      EV: 15    Int: 14    God:    Okawaru [*****.]
Gold:   570        SH:  0    Dex: 15    Spells: 1/16 levels left

rFire    . . .     SeeInvis .     - Unarmed
rCold    . . .     Gourm    .   (no shield)
rNeg     . . .     Faith    .   (armour unavailable)
rPois    .         Spirit   .   (helmet restricted)
rElec    .         Reflect  .   (no cloak)
rCorr    .         Harm     .   p - +1 pair of gloves
MR       +....                  y - +0 pair of boots
Stlth    +.........             (no amulet)
Regen    0.3/turn               (no ring)
MPRegen  0.2/turn               (no ring)

@: about to teleport
A: breathe power, unfitting armour, cold-blooded, AC +7
a: Breathe Dispelling Energy, Heroism, Finesse, Renounce Religion


You were on level 10 of the Dungeon.
You worshipped Okawaru.
Okawaru was extremely pleased with you.
You were not hungry.

You visited 2 branches of the dungeon, and saw 11 of its levels.

You collected 570 gold pieces.

Inventory:

Missiles
 a - 125 arrows
 v - 3 needles of sleeping
Armour
 p - a +1 pair of gloves (worn)
 y - a +0 pair of boots (worn)
Jewellery
 H - an uncursed ring of resist corrosion {unknown}
 K - an uncursed ring of ice {unknown}
Wands
 u - a wand of random effects (17/48)
 C - a wand of random effects (20/48)
 J - a wand of flame (29/48)
 N - a wand of iceblast (2/15)
Scrolls
 d - 2 scrolls of amnesia
 l - 2 scrolls of noise {unknown}
 n - a scroll of enchant weapon {unknown}
 q - 3 scrolls of random uselessness {unknown}
 r - 5 scrolls of magic mapping
 s - 2 scrolls of immolation {unknown}
 w - 2 scrolls of remove curse
 x - 4 scrolls of teleportation
 G - a scroll of recharging {unknown}
 M - 3 scrolls of identify
Potions
 e - 2 potions of flight
 g - 2 potions of berserk rage
 i - a potion of haste
 m - 2 potions of brilliance
 o - 2 potions of heal wounds
 z - a potion of lignification
 A - 2 potions of might
 B - 2 potions of agility
 D - a potion of cancellation
 E - 4 potions of curing {unknown}
 F - 2 potions of mutation {unknown}
 L - a potion of magic {unknown}
Books
 b - a book of Changes

   Spells                             Type                      Level
   a - Beastly Appendage              Transmutation                1
   b - Sticks to Snakes               Transmutation                2
   c - Spider Form                    Transmutation/Poison         3
   d - Ice Form                       Ice/Transmutation            4
   e - Blade Hands                    Transmutation                5
 k - a book of Necromancy

   Spells                             Type                      Level
   a - Pain                           Necromancy                   1
   b - Animate Skeleton               Necromancy                   1
   c - Vampiric Draining              Necromancy                   3
   d - Regeneration                   Charms/Necromancy            3
   e - Animate Dead                   Necromancy                   4
   f - Control Undead                 Necromancy                   4
 t - a book of Minor Magic

   Spells                             Type                      Level
   a - Magic Dart                     Conjuration                  1
   b - Blink                          Translocation                2
   c - Call Imp                       Summoning                    2
   d - Slow                           Hexes                        2
   e - Conjure Flame                  Conjuration/Fire             3
   f - Mephitic Cloud                 Conjuration/Poison/Air       3
 I - a book of Party Tricks

   Spells                             Type                      Level
   a - Summon Butterflies             Summoning                    1
   b - Apportation                    Translocation                1
   c - Lesser Beckoning               Translocation                3
   d - Tukima's Dance                 Hexes                        3
   e - Alistair's Intoxication        Transmutation/Poison         5
   f - Invisibility                   Hexes                        6
Comestibles
 c - 11 bread rations
 f - 5 meat rations
 h - 10 royal jellies
 j - 2 chunks of flesh


   Skills:
 - Level 7.2 Fighting
 + Level 5.4 Dodging
 - Level 8.0 Unarmed Combat
 - Level 3.7 Spellcasting
 + Level 10.4 Transmutations
 + Level 4.0 Ice Magic
 - Level 3.2 Poison Magic


You had one spell level left.
You knew the following spells:

 Your Spells              Type           Power        Failure   Level  Hunger
a - Beastly Appendage     Tmut           ####..       1%          1    None
b - Sticks to Snakes      Tmut           ####....     1%          2    ##.....
c - Spider Form           Tmut/Pois      ###.......   3%          3    ###....
d - Blade Hands           Tmut           ####......   8%          5    ######.
e - Ice Form              Ice/Tmut       ###.....     10%         4    ####...


Dungeon Overview and Level Annotations

Branches:
Dungeon (10/15)            Temple (1/1) D:4
   Lair: D:8-11         Orc: D:9-12

Altars:
Ashenzari
Cheibriados
Dithmenos
Elyvilon
Fedhas
Gozag
Hepliaklqana
Kikubaaqudgha
Makhleb
Nemelex Xobeh
Okawaru
Qazlal
Ru
Sif Muna
Trog
Uskayaw
Vehumet
Xom
Yredelemnul
Zin
The Shining One


Innate Abilities, Weirdness & Mutations

You can breathe bolts of dispelling energy.
Your rich purple scales are hard. (AC +7)
You cannot fit into any form of body armour.
You are cold-blooded and may be slowed by cold attacks.


Message History

As you read the scroll of teleportation, it crumbles to dust.
You feel strangely unstable.
Your hands revert to their normal proportions.
Your +1 pair of gloves unmelds from your body.
The orc priest mumbles some strange prayers to Beogh against you.
You resist with some effort. The hobgoblin closely misses you.
The orc priest calls down the wrath of Beogh upon you.
Beogh smites you!
* * * LOW HITPOINT WARNING * * *
The orc closely misses you.
You feel much better. The hobgoblin misses you. The orc barely misses you.
The orc priest barely misses you.
You closely miss the orc priest. Your punch misses the orc priest.
A magic dart appears from out of thin air!
The magic dart hits you!
* * * LOW HITPOINT WARNING * * *
The orc priest suddenly cheers.
The orc priest mumbles some strange prayers to Beogh against you.
Beogh smites you!
You die...

......#........... .##
......#.................).
......#.................o
......#..........##....oo
......#..........##o...#
......##............o..#
####...............o....
#...<...)...o)#...#
#...รท.......o@#..#
#...##.......ogo.#
#................#
########......####
#..###.# #..# #.# #..###.#
#......# ########


You could see 3 orc priests, 2 orcs and a hobgoblin.

Vanquished Creatures
  Prince Ribbit (D:6)
  Sigmund (D:5)
  6 yaks (D:9)
  A shadow (D:9)
  A wyvern (D:9)
  3 hogs (D:7)
  A hungry ghost (D:7)
  A human (D:7)
  A steam dragon (D:9)
  Menkaure (D:7)
  4 orc warriors
  3 ice beasts
  A sky beast (D:9)
  3 black bears
  A necrophage (D:6)
  2 ogres (D:7)
  3 phantoms
  2 centaurs
  A crocodile (D:8)
  Blork the orc (D:5)
  6 bullfrogs
  2 scorpions
  A wyvern skeleton (D:9)
  8 wights
  A centaur zombie (D:7)
  5 howler monkeys
  3 crimson imps
  2 bullfrog zombies
  A quasit (D:8)
  3 hounds
  A jelly (D:7)
  5 orc priests
  8 orc wizards
  4 iguanas
  Ijyb (D:3)
  3 centaur skeletons
  4 worker ants
  A hound zombie (D:6)
  2 hound skeletons
  Robin (D:3)
  6 adders
  4 gnolls
  A shadow imp (D:5)
  An ooze (D:1)
  An adder skeleton (D:7)
  3 worms
  4 dart slugs (D:1)
  2 leopard geckos (D:2)
  33 orcs
  8 bats
  5 giant cockroaches
  13 goblins
  6 hobgoblins
  7 jackals
  4 quokkas
  4 ball pythons
  5 frilled lizards
  A jackal zombie (D:5)
  4 kobolds
  A leopard gecko skeleton (D:4)
  6 rats
219 creatures vanquished.

Vanquished Creatures (collateral kills)
  A hog (D:7)
  2 ogres
  An orc wizard (D:3)
  Natasha (D:2)
  A hound skeleton (D:6)
  3 gnolls
  An adder zombie (D:7)
  An orc (D:3)
  A ball python (D:6)
  3 goblins (D:3)
  A rat (D:3)
16 creatures vanquished.

Grand Total: 235 creatures vanquished

Notes
Turn   | Place    | Note
-------+----------+-------------------------------------------
     0 | D:1      | Jynx the Draconian Transmuter began the quest for the Orb.
     0 | D:1      | Reached XP level 1. HP: 16/16 MP: 3/3
   182 | D:1      | Reached XP level 2. HP: 22/24 MP: 3/5
   532 | D:1      | Reached XP level 3. HP: 29/29 MP: 6/6
   759 | D:2      | Found a faded altar of an unknown god.
  1004 | D:2      | Learned a level 2 spell: Sticks to Snakes
  1008 | D:2      | Learned a level 3 spell: Spider Form
  1237 | D:2      | Found a stormy altar of Qazlal.
  1559 | D:2      | Noticed Natasha
  1578 | D:2      | Killed Natasha
  1578 | D:2      | Reached skill level 3 in Transmutations
  1578 | D:2      | Reached XP level 4. HP: 14/37 MP: 2/8
  1989 | D:3      | Noticed an ogre
  2044 | D:3      | Noticed Robin
  2065 | D:3      | Killed Robin
  2177 | D:3      | Noticed Ijyb
  2196 | D:3      | Killed Ijyb
  2196 | D:3      | Reached XP level 5. HP: 42/42 MP: 2/9
  2725 | D:3      | Reached skill level 1 in Poison Magic
  2747 | D:3      | Killed an ogre
  2747 | D:3      | Reached skill level 4 in Transmutations
  3280 | D:4      | Reached XP level 6. HP: 35/50 MP: 8/10
  3765 | D:4      | Found a staircase to the Ecumenical Temple.
  3868 | Temple   | Entered the Ecumenical Temple
  3935 | Temple   | Became a worshipper of Warmaster Okawaru
  4485 | D:4      | Reached skill level 5 in Transmutations
  4561 | D:5      | Entered Level 5 of the Dungeon
  4621 | D:5      | Your scales start taking on a rich purple colour.
  4621 | D:5      | Reached XP level 7. HP: 44/57 MP: 10/12
  4693 | D:5      | Noticed Sigmund
  4720 | D:5      | Reached * piety under Okawaru
  5149 | D:5      | Noticed Prince Ribbit
  5615 | D:5      | Found a hazy altar of Hepliaklqana.
  5660 | D:5      | Killed Sigmund
  6151 | D:5      | Learned a level 5 spell: Blade Hands
  6174 | D:5      | Noticed Blork the orc
  6186 | D:5      | Killed Blork the orc
  6186 | D:5      | Reached skill level 5 in Unarmed Combat
  6622 | D:5      | Found a glowing golden altar of the Shining One.
  6752 | D:6      | Reached XP level 8. HP: 39/66 MP: 7/13
  7088 | D:6      | Found a radiant altar of Vehumet.
  7217 | D:6      | Found a burning altar of Makhleb.
  7224 | D:6      | Reached skill level 6 in Transmutations
  7339 | D:6      | Reached ** piety under Okawaru
  7578 | D:6      | Found a blossoming altar of Fedhas.
  7926 | D:6      | HP: 1/67 [orc priest/divine providence (13)]
  8398 | D:7      | Noticed Menkaure
  8659 | D:6      | Killed Prince Ribbit
  8659 | D:6      | Reached skill level 5 in Fighting
  8856 | D:7      | Reached skill level 7 in Transmutations
  8860 | D:7      | Reached XP level 9. HP: 64/74 MP: 10/14
  9016 | D:7      | Killed Menkaure
  9116 | D:7      | Reached *** piety under Okawaru
  9456 | D:7      | Reached skill level 8 in Transmutations
  9564 | D:7      | Found a radiant altar of Vehumet.
  9656 | D:7      | Found a bloodstained altar of Trog.
  9956 | D:8      | Found a shimmering altar of Xom.
  9956 | D:8      | Found a shimmering altar of Xom.
  9956 | D:8      | Found a shimmering altar of Xom.
 10023 | D:8      | Reached skill level 9 in Transmutations
 10290 | D:7      | Received a gift from Okawaru
 10827 | D:8      | Found a hide-covered altar of Uskayaw.
 10895 | D:8      | Reached XP level 10. HP: 69/84 MP: 12/15
 11283 | D:9      | Reached **** piety under Okawaru
 11576 | D:8      | Learned a level 4 spell: Ice Form
 11846 | D:9      | Reached skill level 1 in Ice Magic
 12294 | D:9      | Reached skill level 10 in Transmutations
 12963 | D:9      | Found a shattered altar of Ashenzari.
 13049 | D:9      | Reached skill level 5 in Dodging
 13171 | D:9      | Reached ***** piety under Okawaru
 13226 | D:9      | Found a shadowy altar of Dithmenos.
 13473 | D:10     | Entered Level 10 of the Dungeon
 13531 | D:10     | Killed from afar by an orc priest

Skill      XL: |  1  2  3  4  5  6  7  8  9 10 |
---------------+-------------------------------+-----
Fighting       | 2 3 5 6 7 |  7.2
Transmutations | 3 4 5 7 9 10 | 10.4
Poison Magic   | 2 3 |  3.2
Spellcasting   | 3 |  3.7
Dodging        | 2 3 5 |  5.4
Unarmed Combat | 5 6 7 8 |  8.0
Ice Magic      | 4 |  4.0

Action                   |  1- 3 |  4- 6 |  7- 9 | 10-12 || total
-------------------------+-------+-------+-------+-------++-------
Melee: Unarmed           |   119 |   256 |   390 |   214 ||   979
       Headbutt          |     6 |    17 |    31 |     2 ||    56
       Kick              |     8 |     9 |       |       ||    17
       Punch             |     5 |     4 |    10 |     2 ||    21
       Tailslap          |    12 |    33 |    51 |    18 ||   114
 Cast: Beastly Appendage |    17 |    21 |    30 |     2 ||    70
       Sticks to Snakes  |     2 |    17 |    24 |       ||    43
       Spider Form       |       |       |    11 |     7 ||    18
       Blade Hands       |       |       |     1 |     6 ||     7
Invok: Heroism           |       |       |       |     1 ||     1
 Abil: End Transformatio |       |       |     1 |       ||     1
  Use: Scroll            |       |       |    12 |     2 ||    14
       Potion            |       |       |     2 |     2 ||     4
 Stab: Sleeping          |       |     1 |       |       ||     1
       Distracted        |       |       |     2 |       ||     2
  Eat: Chunk             |     2 |    12 |    18 |     6 ||    38
       Bread ration      |       |       |     2 |       ||     2
       Fruit             |       |       |     1 |       ||     1
       Meat ration       |       |       |       |     1 ||     1
Armor: Skin              |    54 |    89 |    88 |    21 ||   252
Dodge: Dodged            |    97 |   154 |   238 |   159 ||   648
